 Dungeon Crawl Stone Soup version bcrawl-1.37.1 (webtiles) character file.

Game seed: 14165548153201042017

579317 Finster the Bludgeoner (level 13, 0/149 HPs)
             Began as an Ent Sloth Apostle on Oct 16, 2022.
             Was the Champion of Cheibriados.
             Killed by divine providence
             ... invoked by an orc priest
              (11 damage)
             ... on level 12 of the Dungeon.
             The game lasted 00:30:03 (10680 turns).

Finster the Bludgeoner (Ent Sloth Apostle)         Turns: 10680, Time: 00:30:04

Health: 0/149      AC: 31    Str: 38    XL:     13   Next: 9%
Magic:  20/20      EV: 15    Int: 33    God:    Cheibriados [******]
Gold:   1048       SH: 13    Dex: 24    Spells: 13/14 levels left

rFire    + + .     GDR:     40% M - +0 dire flail
rCold    . . .     SeeInvis .   N - +0 medium shield {AC+3}
rNeg     + + +     Gourm    .   (armour unavailable)
rPois    +         Faith    .   u - +1 hat {Int+3}
rElec    .         Spirit   .   (no cloak)
rCorr    .         Reflect  .   (gloves unavailable)
MR       +....     Clarity  +   (boots unavailable)
Stlth    ++++......             Q - amulet of rage
HPRegen  0.34/turn              G - +4 ring of protection
MPRegen  0.17/turn              o - ring of protection from fire

@: slowed, very slow
A: large, slow actions, passwall, strong branches, iridescent scales 1, rugged
brown scales 1, fire resistance 1, negative energy resistance 3, poison
resistance, slow metabolism 1, torment resistance, unbreathing, MP-powered
wands, AC +20
a: Passwall, Bend Time, Defer, Temporal Distortion, Step From Time, Renounce
Religion, Evoke Berserk Rage


You were on level 12 of the Dungeon.
You worshipped Cheibriados.
Cheibriados was exalted by your worship.
You were hungry.

You visited 1 branch of the dungeon, and saw 12 of its levels.

You collected 1178 gold pieces.
You spent 130 gold pieces at shops.

Inventory:

Hand Weapons
 a - a +0 mace
 l - a +1 flail of draining
 t - a +0 giant spiked club
 z - a +0 flail
 M - a +0 dire flail (weapon)
Missiles
 k - 91 poisoned needles
 m - 117 large rocks (quivered)
 y - 78 curare-tipped needles
 B - 198 poisoned tomahawks
 P - 152 javelins
Armour
 b - a +0 medium shield
 i - a scarf of stasis
 u - a +1 hat of intelligence (worn)
 N - a +0 medium shield of protection (worn)
Jewellery
 o - a ring of protection from fire (right hand)
 E - the ring of Bazacen {+Fly rN+}
   (You bought it in a shop on level 7 of the Dungeon)

   [ring of flight]

   It protects you from negative energy.
   It lets you fly.
 G - a +4 ring of protection (left hand)
 H - an uncursed amulet of magic regeneration
 J - the ring of Temperance {Fire Int+4}
   (You found it on level 9 of the Dungeon)

   [ring of fire]

   It enhances your fire magic.
   It affects your intelligence (+4).
   It protects you from fire.
   It makes you vulnerable to cold.
 O - an uncursed ring of protection from fire
 Q - an amulet of rage (around neck)
 R - an uncursed amulet of the gourmand
Wands
 c - a wand of paralysis (23)
 K - a wand of acid (6)
Scrolls
 d - 3 scrolls of amnesia {unknown}
 f - 2 scrolls of immolation {unknown}
 q - 4 scrolls of teleportation {unknown}
 s - 4 scrolls of remove curse
 x - a scroll of magic mapping {unknown}
 C - 2 scrolls of fear {unknown}
 D - a scroll of fog {unknown}
 F - a scroll of enchant weapon {unknown}
 I - a scroll of enchant armour {unknown}
Potions
 g - 3 potions of brilliance
 h - a potion of berserk rage
 j - 4 potions of heal wounds
 n - 2 potions of lignification
 p - 6 potions of flight
 r - 5 potions of curing
 v - 3 potions of ambrosia
 w - 2 potions of agility
 A - 2 potions of degeneration
 L - a potion of resistance {unknown}
 S - a potion of magic {unknown}
 T - 2 potions of haste {unknown}
Comestibles
 e - 23 rations {!d}


   Skills:
 * Level 10.6 Fighting
 * Level 15.1 Maces & Flails
 + Level 3.0 Throwing
 + Level 7.2 Dodging
 + Level 6.3 Stealth
 + Level 7.2 Shields
 + Level 1.2 Spellcasting
 + Level 2.1 Hexes
 * Level 10.4 Invocations
 + Level 0.8 Evocations


You had 13 spell levels left.
You knew the following spells:

 Your Spells              Type           Power        Failure   Level  Hunger
a - Slow                  Hex            ###.....     10%         1    None

Your spell library contained the following spells:

 Spells                   Type           Power        Failure   Level  Hunger
 Magic Dart               Conj           #...         24%         1    None
 Blink                    Tloc           N/A          34%         2    ###....
 Call Imp                 Summ           #.....       34%         2    ###....
 Conjure Flame            Conj/Fire      #.......     56%         3    #####..
 Mephitic Cloud           Conj/Pois/Air  #.......     56%         3    #####..
 Spider Form              Tmut/Pois      Unusable     N/A         3    N/A

Dungeon Overview and Level Annotations

Branches:
Dungeon (12/12)            Temple (0/1) D:4            Lair (0/6) D:8
    Orc (0/1) D:8          Vaults (0/3) D:11
 Depths: D:12

Altars:
Dithmenos
Lugonu
Okawaru
Qazlal
Trog
Uskayaw

Shops:
D:4 (   D:5 (   D:7 *

Annotations:
D:8 2 transporters, zoran's ghost, novice DgFi
D:12 Kirke


Innate Abilities, Weirdness & Mutations

You move and act slowly.
You can pass through walls and trees.
Your branches can wield two-handed weapons with a shield.
Your thick bark is tough. (AC +20)
You are too large for most types of armour.
You are immune to negative energy. (rN+++)
Your system is resistant to poisons. (rPois)
You have a slow metabolism.
You are immune to unholy pain and torment.
You can survive without breathing.
You are partially covered in iridescent scales. (AC +2)
You are partially covered in rugged brown scales. (AC +1, +3% HP)
Your flesh is heat resistant. (rF+)
You expend magic power (3 MP) to strengthen your wands.


Message History

No path to travel!
You sock the orc!
You kill the orc!
Cheibriados appreciates the change of pace.
You block the manticore's attack. The manticore claws you.
* * * LOW HITPOINT WARNING * * *
The manticore claws you but does no damage.
The orc warrior hits you with a +0 dire flail.
* * * LOW HITPOINT WARNING * * *
Kirke hits you.
* * * LOW HITPOINT WARNING * * *
You block the manticore's attack. x2
The manticore claws you but does no damage.
You block the orc priest's attack.
The orc warrior hits you but does no damage.
Kirke points at you and mumbles some strange words.
You resist with significant effort.
The orc priest calls down the wrath of Beogh upon you.
Beogh smites you!
You die...

#######################
#.k.yoo................
#yyk@H@..........######
#h#############..# #.#
#..# #k# #..######
#y####### ##.....รท<)
#y....... ...........
#h####### .##########
#Q# #.#


You could see Kirke, a manticore, 2 lindwurms, a hog, an orc warrior, 3 vampire
mosquitoes and an orc priest.

Vanquished Creatures
  An ironheart preserver (D:11)
  Psyche (D:11)
  A two-headed ogre (D:8)
  An ogre mage (D:12)
  3 tengu warriors
  2 centaur warriors (D:11)
  6 skeletal warriors
  A wolf spider zombie (D:10)
  3 cyclopes
  A wolf spider (D:11)
  11 slime creatures
  A kobold demonologist (D:12)
  2 freezing wraiths
  6 trolls
  A meliai (shapeshifter) (D:9)
  3 harpy skeletons (D:11)
  A hippogriff (D:6)
  Grum (D:9)
  A meliai zombie (D:11)
  Sigmund (D:5)
  A wyvern (D:10)
  A spriggan (D:8)
  2 shadows
  26 yaks
  A wraith (D:11)
  A hungry ghost (D:10)
  A hog (D:12)
  2 wargs (D:8)
  An acid dragon (D:9)
  Duvessa (D:7)
  A water moccasin (D:10)
  A soldier ant (D:11)
  A sky beast (D:8)
  4 ice beasts
  3 necrophages
  7 orc warriors
  A hornet zombie (D:11)
  2 wolves (D:9)
  5 ogres
  2 bullfrogs
  A centaur (D:8)
  Dowan (D:7)
  7 scorpions
  2 jellies
  8 killer bees (D:9)
  6 wights
  7 howler monkeys
  7 orc priests
  6 crimson imps
  A bullfrog zombie (D:7)
  2 quasits (D:5)
  8 hounds
  15 orc wizards
  3 iguanas
  3 worker ants
  A worker ant zombie (D:7)
  9 gnolls
  14 adders
  3 shadow imps
  An ooze (D:6)
  An adder zombie (D:8)
  An adder skeleton (D:7)
  3 worms
  A dart slug (D:1)
  7 leopard geckos
  48 orcs
  A giant cockroach (D:3)
  A goblin (D:3)
  9 hobgoblins
  10 jackals
  9 kobolds
  5 quokkas
  2 ball pythons
  5 bats
  3 frilled lizards
  7 rats
  A bush (D:8)
331 creatures vanquished.

Notes
Turn   | Place    | Note
-------+----------+-------------------------------------------
     0 | D:1      | Finster the Ent Sloth Apostle began the quest for the Orb.
     0 | D:1      | Reached XP level 1. HP: 22/22 MP: 2/2
   137 | D:1      | Reached XP level 2. HP: 27/30 MP: 3/3
   721 | D:2      | Reached * piety under Cheibriados
   905 | D:2      | Reached XP level 3. HP: 36/37 MP: 4/4
  1175 | D:2      | Reached skill level 3 in Maces & Flails
  1558 | D:3      | Found a shadowy altar of Dithmenos.
  1580 | D:3      | Reached XP level 4. HP: 47/47 MP: 5/5
  1738 | D:3      | Reached skill level 1 in Dodging
  1871 | D:3      | Reached skill level 1 in Invocations
  2165 | D:4      | Noticed an ogre
  2173 | D:4      | Reached ** piety under Cheibriados
  2185 | D:4      | Reached skill level 4 in Maces & Flails
  2185 | D:4      | Reached XP level 5. HP: 38/54 MP: 6/6
  2195 | D:4      | Killed an ogre
  2423 | D:4      | Reached skill level 5 in Maces & Flails
  2423 | D:4      | Reached XP level 6. HP: 65/65 MP: 7/7
  2549 | D:4      | Found Baotoc's Antique Weapon Boutique.
  2759 | D:4      | Found a staircase to the Ecumenical Temple.
  2854 | D:4      | Found an iron altar of Okawaru.
  2939 | D:5      | Entered Level 5 of the Dungeon
  3063 | D:5      | Reached *** piety under Cheibriados
  3064 | D:5      | Reached skill level 6 in Maces & Flails
  3178 | D:5      | Reached XP level 7. HP: 69/74 MP: 7/9
  3234 | D:5      | Found Xeaby's Antique Weapon Boutique.
  3257 | D:5      | Noticed Sigmund
  3264 | D:5      | Killed Sigmund
  3292 | D:5      | Reached skill level 7 in Maces & Flails
  3647 | D:5      | Reached skill level 1 in Throwing
  3682 | D:5      | Reached XP level 8. HP: 84/84 MP: 10/10
  3927 | D:6      | Noticed a hippogriff
  3934 | D:6      | Killed a hippogriff
  3935 | D:6      | Reached skill level 8 in Maces & Flails
  4199 | D:6      | Identified the cursed +1 leather armour of Bad Feelings
                  | {Dex+3}
  4204 | D:6      | Reached **** piety under Cheibriados
  4493 | D:6      | Reached skill level 5 in Fighting
  4493 | D:6      | Reached skill level 9 in Maces & Flails
  4493 | D:6      | Reached skill level 5 in Stealth
  4506 | D:6      | Reached XP level 9. HP: 46/94 MP: 12/12
  4800 | D:6      | Reached skill level 5 in Invocations
  5072 | D:7      | Found Kupla's Assorted Antiques.
  5076 | D:7      | Bought a heavily runed copper ring for 130 gold pieces
  5076 | D:7      | Identified the ring of Bazacen {+Fly rN+} (You bought it in
                  | a shop on level 7 of the Dungeon)
  5113 | D:7      | Reached skill level 10 in Maces & Flails
  5235 | D:7      | Found a corrupted altar of Lugonu.
  5348 | D:7      | Noticed Duvessa
  5361 | D:7      | Killed Duvessa
  5362 | D:7      | Noticed Dowan
  5365 | D:7      | Killed Dowan
  5436 | D:7      | Reached ***** piety under Cheibriados
  5440 | D:7      | Gained mutation: Your flesh is cold resistant. (rC+)
                  | [potion of mutation]
  5440 | D:7      | Gained mutation: You are frail. (-10% HP) [potion of
                  | mutation]
  5440 | D:7      | Gained mutation: You expend magic power (3 MP) to
                  | strengthen your wands. [potion of mutation]
  5440 | D:7      | Gained mutation: You passively map a small area around you.
                  | [potion of mutation]
  5441 | D:7      | Lost mutation: Your flesh is cold resistant. (rC+) [potion
                  | of mutation]
  5441 | D:7      | Lost mutation: You are frail. (-10% HP) [potion of
                  | mutation]
  5441 | D:7      | Lost mutation: You expend magic power (3 MP) to strengthen
                  | your wands. [potion of mutation]
  5441 | D:7      | Gained mutation: You tend to lose your temper in combat.
                  | [potion of mutation]
  5441 | D:7      | Gained mutation: Your spells are a little harder to cast,
                  | but a little more powerful. [potion of mutation]
  5442 | D:7      | Lost mutation: Your spells are a little harder to cast, but
                  | a little more powerful. [potion of mutation]
  5442 | D:7      | Lost mutation: You passively map a small area around you.
                  | [potion of mutation]
  5442 | D:7      | Lost mutation: You tend to lose your temper in combat.
                  | [potion of mutation]
  5442 | D:7      | Gained mutation: You are partially covered in iridescent
                  | scales. (AC +2) [potion of mutation]
  5442 | D:7      | Gained mutation: You are partially covered in rugged brown
                  | scales. (AC +1, +3% HP) [potion of mutation]
  5442 | D:7      | Gained mutation: You expend magic power (3 MP) to
                  | strengthen your wands. [potion of mutation]
  5442 | D:7      | Gained mutation: Your flesh is heat resistant. (rF+)
                  | [potion of mutation]
  5478 | D:7      | Noticed a troll
  5484 | D:7      | Killed a troll
  5819 | D:8      | Found a hide-covered altar of Uskayaw.
  5838 | D:8      | Found a transporter.
  5842 | D:8      | Noticed a moth of wrath
  5843 | D:8      | Noticed a cyclops
  5845 | D:8      | Noticed zoran's ghost (novice DgFi)
  5847 | D:8      | Found a bloodstained altar of Trog.
  5857 | D:8      | Found a transporter.
  5857 | D:8      | Identified the +4 short sword of the Sage {antimagic,
                  | Str+3}
  5876 | D:8      | Reached skill level 11 in Maces & Flails
  5896 | D:8      | Found a staircase to the Lair.
  5903 | D:8      | Reached XP level 10. HP: 75/110 MP: 14/14
  6324 | D:8      | Noticed a two-headed ogre
  6330 | D:8      | Killed a two-headed ogre
  6421 | D:8      | Found a stormy altar of Qazlal.
  6643 | D:8      | Found a staircase to the Orcish Mines.
  6815 | D:9      | Reached ****** piety under Cheibriados
  6865 | D:9      | Got a fine steel ring
  6886 | D:9      | Reached skill level 12 in Maces & Flails
  7441 | D:9      | Reached skill level 5 in Shields
  7462 | D:9      | Reached XP level 11. HP: 118/120 MP: 16/16
  7468 | D:9      | Reached skill level 5 in Dodging
  7598 | D:9      | Noticed Grum
  7604 | D:9      | Killed Grum
  8007 | D:9      | Identified the ring of Temperance {Fire Int+4} (You found
                  | it on level 9 of the Dungeon)
  8031 | D:10     | Entered Level 10 of the Dungeon
  8105 | D:10     | Noticed a skeletal warrior
  8105 | D:10     | Noticed a skeletal warrior
  8122 | D:10     | Killed a skeletal warrior
  8156 | D:10     | Noticed a skeletal warrior
  8157 | D:10     | Noticed a skeletal warrior
  8170 | D:10     | Killed a skeletal warrior
  8171 | D:10     | Noticed a skeletal warrior
  8184 | D:10     | Killed a skeletal warrior
  8185 | D:10     | Reached skill level 13 in Maces & Flails
  8208 | D:10     | Killed a skeletal warrior
  8229 | D:10     | Killed a skeletal warrior
  8722 | D:10     | Noticed a tengu warrior
  8722 | D:10     | Noticed a tengu warrior
  8731 | D:10     | Killed a tengu warrior
  8737 | D:10     | Killed a tengu warrior
  8738 | D:10     | Reached skill level 14 in Maces & Flails
  8855 | D:10     | Reached XP level 12. HP: 136/136 MP: 18/18
  9265 | D:11     | Noticed a tengu warrior
  9266 | D:11     | Noticed an ironheart preserver
  9320 | D:11     | Killed an ironheart preserver
  9372 | D:11     | Killed a tengu warrior
  9706 | D:11     | Found a gate to the Vaults.
  9786 | D:11     | Reached skill level 10 in Invocations
  9807 | D:11     | Reached skill level 10 in Fighting
 10218 | D:11     | Noticed Psyche
 10223 | D:11     | Killed Psyche
 10230 | D:11     | Reached skill level 15 in Maces & Flails
 10489 | D:12     | Entered Level 12 of the Dungeon
 10499 | D:12     | Noticed an ogre mage
 10513 | D:12     | Killed an ogre mage
 10514 | D:12     | Reached XP level 13. HP: 129/149 MP: 20/20
 10638 | D:12     | Noticed Kirke
 10680 | D:12     | Killed from afar by an orc priest

Skill      XL: |  1  2  3  4  5  6  7  8  9 10 11 12 |
---------------+-------------------------------------+-----
Stealth        | 4 5 6 |  6.3
Maces & Flails | 3 4 5 6 7 9 11 12 14 15 | 15.1
Dodging        | 1 2 3 4 6 7 |  7.2
Invocations    | 1 2 3 4 6 7 8 10 | 10.4
Shields        | 2 3 4 5 7 |  7.2
Fighting       | 3 4 5 6 7 9 10 | 10.6
Throwing       | 1 2 3 |  3.0
Spellcasting   | |  1.2
Hexes          | |  2.1
Evocations     | |  0.8

Action                   |  1- 3 |  4- 6 |  7- 9 | 10-12 | 13-15 || total
-------------------------+-------+-------+-------+-------+-------++-------
Melee: Mace              |   119 |    78 |       |       |       ||   197
       Flail             |       |    58 |   220 |   379 |       ||   657
       Dire flail        |       |       |       |   223 |    65 ||   288
Throw: Large rock        |       |    15 |    34 |    30 |     1 ||    80
  Use: Scroll            |       |     2 |     6 |     3 |       ||    11
       Potion            |       |       |     3 |       |       ||     3
 Stab: Sleeping          |    12 |     4 |     8 |     6 |       ||    30
       Distracted        |       |       |     1 |       |       ||     1
  Eat: Chunk             |     7 |     8 |    13 |    26 |     1 ||    55
Armor: Skin              |   106 |   126 |   128 |   346 |   154 ||   860
Dodge: Dodged            |    59 |    62 |    82 |   305 |   179 ||   687
Block: Medium shield     |    69 |    90 |   139 |   452 |   176 ||   926
